| TOP OF THE 1ST |
|
Kannapolis Intimidators batting - Pitching for Charleston RiverDogs : RHP Mark Stafford
|
|
Pitching: RHP Mark Stafford
|
|
|
Batting: SHB Ruben Velasco Jr.
|
0-0: Ball 1-0: Foul Ball, location: 2F 1-1: Foul Ball, location: 2F 1-2: Ball 2-2: Foul Ball, location: 2F 2-2: Foul Ball, location: 2F 2-2: Strikes out swinging, 2-3 out at first.
|
|
Batting: RHB Jeremy Hoffert
|
0-0: DOUBLE (Line Drive, 9LS, EV 110.0 MPH)
|
|
Batting: LHB Ryan Dyal
|
0-0: Called Strike Jeremy Hoffert steals 3rd base 0-1: Ball 1-1: Foul Ball, location: 2F 1-2: Ball 2-2: Ground out 5-3 (Groundball, 5, EV 84.4 MPH)
|
|
Batting: RHB Guillermo Mojica
|
0-0: Ground out 4-3 (Groundball, 4, EV 77.5 MPH)
|
| Top of the 1st over - 0 runs, 1 hit, 0 errors, 1 left on base; Kannapolis 0 - Charleston 0 |
| BOTTOM OF THE 1ST |
|
Charleston RiverDogs batting - Pitching for Kannapolis Intimidators : LHP Phil Peterson
|
|
Pitching: LHP Phil Peterson
|
|
|
Batting: RHB Ben Jennings
|
0-0: Ball 1-0: Foul Ball, location: 2F 1-1: Called Strike 1-2: Ball 2-2: Foul Ball, location: 2F 2-2: Foul Ball, location: 2F 2-2: Strikes out looking
|
|
Batting: RHB Iften Olujimi
|
0-0: Called Strike 0-1: Swinging Strike 0-2: Foul Ball, location: 2F 0-2: Ball 1-2: Strikes out looking
|
|
Batting: RHB Alfredo Rodriguez
|
0-0: Called Strike 0-1: Ground out 5-3 (Groundball, 56, EV 76.2 MPH)
|
| Bottom of the 1st over - 0 runs, 0 hits, 0 errors, 0 left on base; Kannapolis 0 - Charleston 0 |
| TOP OF THE 2ND |
|
Kannapolis Intimidators batting - Pitching for Charleston RiverDogs : RHP Mark Stafford
|
|
Batting: LHB Josh Pittman
|
0-0: Called Strike 0-1: Ball 1-1: Ground out 6-3 (Groundball, 6, EV 80.6 MPH)
|
|
Batting: LHB Matt Hyde
|
0-0: Ball 1-0: Ball 2-0: Foul Ball, location: 2F 2-1: Ball 3-1: Foul Ball, location: 2F 3-2: Base on Balls
|
|
Batting: SHB Matt Childers
|
0-0: Called Strike 0-1: Called Strike 0-2: Ball 1-2: Fly out, F9 (Line Drive, 9, EV 108.8 MPH)
|
|
Batting: LHB Preston Knaak
|
0-0: Ball 1-0: Called Strike 1-1: Ground out 1-3 (Groundball, P, EV 70.0 MPH)
|
| Top of the 2nd over - 0 runs, 0 hits, 0 errors, 1 left on base; Kannapolis 0 - Charleston 0 |
| BOTTOM OF THE 2ND |
|
Charleston RiverDogs batting - Pitching for Kannapolis Intimidators : LHP Phil Peterson
|
|
Batting: RHB Bill Nguyen-Tan
|
0-0: Ball 1-0: SINGLE (Groundball, 6S, EV 66.9 MPH) (infield hit)
|
|
Batting: LHB Jeremiah Walker
|
0-0: Ball 1-0: Ball 2-0: SINGLE (Flyball, 78S, EV 93.1 MPH) Bill Nguyen-Tan to second
|
|
Batting: RHB John Sprenkel
|
0-0: Ball 1-0: Grounds into double play, 4-6-3 (Groundball, 4S, EV 91.2 MPH) Bill Nguyen-Tan to third
|
|
Batting: RHB Bryan Massey
|
0-0: Ball 1-0: Called Strike 1-1: Swinging Strike 1-2: Ball 2-2: Ball 3-2: Strikes out looking
|
| Bottom of the 2nd over - 0 runs, 2 hits, 0 errors, 1 left on base; Kannapolis 0 - Charleston 0 |
| TOP OF THE 3RD |
|
Kannapolis Intimidators batting - Pitching for Charleston RiverDogs : RHP Mark Stafford
|
|
Batting: SHB Josh Conner
|
0-0: Ball 1-0: Ball 2-0: Ball 3-0: Base on Balls
|
|
Batting: SHB Ruben Velasco Jr.
|
0-0: Ball 1-0: Fielders Choice at 2nd, 1-6 (Groundball, 13S, EV 70.0 MPH)
|
|
Batting: RHB Jeremy Hoffert
|
0-0: Grounds into double play, 6-4-3 (Groundball, 6, EV 82.5 MPH)
|
| Top of the 3rd over - 0 runs, 0 hits, 0 errors, 0 left on base; Kannapolis 0 - Charleston 0 |
| BOTTOM OF THE 3RD |
|
Charleston RiverDogs batting - Pitching for Kannapolis Intimidators : LHP Phil Peterson
|
|
Batting: LHB Justin O'Neal
|
0-0: Called Strike 0-1: Called Strike 0-2: Strikes out swinging
|
|
Batting: LHB Dale Anderson
|
0-0: Ball 1-0: Swinging Strike 1-1: Called Strike 1-2: Foul Ball, location: 2F 1-2: Ball 2-2: Foul Ball, location: 2F 2-2: Foul Ball, location: 2F 2-2: Ball 3-2: Strikes out swinging
|
|
Batting: RHB Ben Jennings
|
0-0: Swinging Strike 0-1: Ball 1-1: DOUBLE (Groundball, 5L, EV 103.8 MPH)
|
|
Batting: RHB Iften Olujimi
|
0-0: Called Strike 0-1: Ball 1-1: Ball 2-1: Swinging Strike 2-2: Foul Ball, location: 2F 2-2: Ball 3-2: Foul Ball, location: 2F 3-2: Strikes out swinging
|
| Bottom of the 3rd over - 0 runs, 1 hit, 0 errors, 1 left on base; Kannapolis 0 - Charleston 0 |
| TOP OF THE 4TH |
|
Kannapolis Intimidators batting - Pitching for Charleston RiverDogs : RHP Mark Stafford
|
|
Batting: LHB Ryan Dyal
|
0-0: Ball 1-0: Called Strike 1-1: Called Strike 1-2: Ground out 3-1 (Groundball, 34S, EV 85.6 MPH)
|
|
Batting: RHB Guillermo Mojica
|
0-0: Ball 1-0: Called Strike 1-1: Foul Ball, location: 2F 1-2: Ball 2-2: Fly out, F7 (Line Drive, 7LM, EV 98.8 MPH)
|
|
Batting: LHB Josh Pittman
|
0-0: Called Strike 0-1: Foul Ball, location: 2F 0-2: Ball 1-2: Strikes out swinging
|
| Top of the 4th over - 0 runs, 0 hits, 0 errors, 0 left on base; Kannapolis 0 - Charleston 0 |
| BOTTOM OF THE 4TH |
|
Charleston RiverDogs batting - Pitching for Kannapolis Intimidators : LHP Phil Peterson
|
|
Batting: RHB Alfredo Rodriguez
|
0-0: Foul Ball, location: 2F 0-1: Fly out, F9 (Flyball, 9LM, EV 81.9 MPH)
|
|
Batting: RHB Bill Nguyen-Tan
|
0-0: Swinging Strike 0-1: Foul Ball, location: 2F 0-2: Fly out, F7 (Flyball, 7LM, EV 104.4 MPH)
|
|
Batting: LHB Jeremiah Walker
|
0-0: SINGLE (Groundball, 6D, EV 96.9 MPH)
|
|
Batting: RHB John Sprenkel
|
0-0: SINGLE (Groundball, 56D, EV 108.1 MPH) Jeremiah Walker to second
|
|
Batting: RHB Bryan Massey
|
0-0: Foul Ball, location: 2F 0-1: SINGLE (Line Drive, 6D, EV 96.2 MPH) Jeremiah Walker to third John Sprenkel to second Runner from 3rd tries for Home, SAFE, throw by CF to home
|
|
Batting: LHB Justin O'Neal
|
0-0: Ball 1-0: Swinging Strike 1-1: Fly out, F8 (Flyball, 8LD, EV 106.2 MPH)
|
| Bottom of the 4th over - 1 run, 3 hits, 0 errors, 2 left on base; Kannapolis 0 - Charleston 1 |
| TOP OF THE 5TH |
|
Kannapolis Intimidators batting - Pitching for Charleston RiverDogs : RHP Mark Stafford
|
|
Batting: LHB Matt Hyde
|
0-0: Ball 1-0: Foul Ball, location: 2F 1-1: Foul Ball, location: 2F 1-2: Ball 2-2: Ground out 6-3 (Groundball, 6S, EV 90.6 MPH)
|
|
Batting: SHB Matt Childers
|
0-0: Called Strike 0-1: Foul Ball, location: 2F 0-2: Ball 1-2: Strikes out swinging, 2-3 out at first.
|
|
Batting: LHB Preston Knaak
|
0-0: Called Strike 0-1: Ball 1-1: Ball 2-1: Called Strike 2-2: Ball 3-2: SINGLE (Groundball, 6D, EV 104.4 MPH)
|
|
Batting: SHB Josh Conner
|
0-0: Foul Ball, location: 2F 0-1: Ball Wild Pitch! Preston Knaak to second 1-1: Ball 2-1: 2-RUN HOME RUN (Flyball, 78XD, EV 116.2 MPH), Distance : 464 ft
|
|
Batting: SHB Ruben Velasco Jr.
|
0-0: Called Strike 0-1: Ground out 6-3 (Groundball, 6M, EV 79.4 MPH)
|
| Top of the 5th over - 2 runs, 2 hits, 0 errors, 0 left on base; Kannapolis 2 - Charleston 1 |
| BOTTOM OF THE 5TH |
|
Charleston RiverDogs batting - Pitching for Kannapolis Intimidators : LHP Phil Peterson
|
|
Batting: LHB Dale Anderson
|
0-0: Called Strike 0-1: Ball 1-1: Called Strike 1-2: Fly out, F8 (Flyball, 8LD, EV 94.4 MPH)
|
|
Batting: RHB Ben Jennings
|
0-0: Ball 1-0: Ball 2-0: Foul Ball, location: 2F 2-1: Ball 3-1: Base on Balls
|
|
Batting: RHB Iften Olujimi
|
0-0: Called Strike Ben Jennings steals 2nd base (no throw) 0-1: Called Strike Ben Jennings steals 3rd base 0-2: Strikes out swinging
|
|
Batting: RHB Alfredo Rodriguez
|
0-0: Foul Ball, location: 2F 0-1: Ball 1-1: Ball 2-1: Foul Ball, location: 2F 2-2: Strikes out swinging
|
| Bottom of the 5th over - 0 runs, 0 hits, 0 errors, 1 left on base; Kannapolis 2 - Charleston 1 |
| TOP OF THE 6TH |
|
Kannapolis Intimidators batting - Pitching for Charleston RiverDogs : RHP Mark Stafford
|
|
Batting: RHB Jeremy Hoffert
|
0-0: DOUBLE (Line Drive, 78D, EV 95.0 MPH)
|
|
Batting: LHB Ryan Dyal
|
0-0: Intentional Walk
|
|
Batting: RHB Guillermo Mojica
|
0-0: Called Strike 0-1: Foul Ball, location: 2F 0-2: Fielders Choice at 2nd, 3-6 (Groundball, 34S, EV 83.1 MPH) Jeremy Hoffert to third
|
|
Batting: LHB Josh Pittman
|
0-0: Ball 1-0: Called Strike 1-1: Called Strike 1-2: Fly out, F8 (Line Drive, 8LM, EV 91.2 MPH) Runner from 3rd tags up, SCORES, no throw by CF
|
|
Batting: LHB Matt Hyde
|
0-0: Ball Guillermo Mojica steals 2nd, throwing error, E2 Guillermo Mojica to third 1-0: Ball 2-0: Called Strike 2-1: Ball 3-1: Ground out 5-3 (Groundball, 56, EV 81.2 MPH)
|
| Top of the 6th over - 1 run, 1 hit, 1 error, 1 left on base; Kannapolis 3 - Charleston 1 |
| BOTTOM OF THE 6TH |
|
Charleston RiverDogs batting - Pitching for Kannapolis Intimidators : LHP Phil Peterson
|
|
Batting: RHB Bill Nguyen-Tan
|
0-0: Ball 1-0: Ball 2-0: Ball 3-0: Base on Balls
|
|
Pitching: RHP Larry Cassano
|
|
|
Batting: LHB Jeremiah Walker
|
0-0: Called Strike 0-1: Ball 1-1: Grounds into double play, 3-6-1 (Groundball, 3, EV 106.2 MPH)
|
|
Batting: RHB John Sprenkel
|
0-0: Ball 1-0: Swinging Strike 1-1: Ball 2-1: Ground out U3 (Groundball, 34S, EV 80.6 MPH)
|
| Bottom of the 6th over - 0 runs, 0 hits, 0 errors, 0 left on base; Kannapolis 3 - Charleston 1 |
| TOP OF THE 7TH |
|
Kannapolis Intimidators batting - Pitching for Charleston RiverDogs : RHP Mark Stafford
|
|
Batting: SHB Matt Childers
|
0-0: Called Strike 0-1: Foul Ball, location: 2F 0-2: Ball 1-2: Ball 2-2: Foul Ball, location: 2F 2-2: Ground out 6-3 (Groundball, 6, EV 91.9 MPH)
|
|
Batting: LHB Preston Knaak
|
0-0: Ball 1-0: Ground out U3 (Groundball, 3L, EV 80.6 MPH)
|
|
Batting: SHB Josh Conner
|
0-0: Called Strike 0-1: Ground out 4-3 (Groundball, 4M, EV 81.2 MPH)
|
| Top of the 7th over - 0 runs, 0 hits, 0 errors, 0 left on base; Kannapolis 3 - Charleston 1 |
| BOTTOM OF THE 7TH |
|
Charleston RiverDogs batting - Pitching for Kannapolis Intimidators : RHP Larry Cassano
|
|
Batting: RHB Bryan Massey
|
0-0: Fly out, F8 (Line Drive, 8RS, EV 85.0 MPH)
|
|
Batting: LHB Justin O'Neal
|
0-0: Foul Ball, location: 2F 0-1: Foul Ball, location: 2F 0-2: Strikes out swinging
|
|
Batting: LHB Dale Anderson
|
0-0: Ball 1-0: Foul Ball, location: 2F 1-1: Ball 2-1: Foul Ball, location: 2F 2-2: Strikes out swinging
|
| Bottom of the 7th over - 0 runs, 0 hits, 0 errors, 0 left on base; Kannapolis 3 - Charleston 1 |
| TOP OF THE 8TH |
|
Kannapolis Intimidators batting - Pitching for Charleston RiverDogs : RHP Mark Stafford
|
|
Batting: SHB Ruben Velasco Jr.
|
0-0: Called Strike 0-1: Ball 1-1: Foul Ball, location: 2F 1-2: Ball 2-2: Foul Ball, location: 2F 2-2: Hit by Pitch
|
|
Batting: RHB Jeremy Hoffert
|
0-0: Ball Ruben Velasco Jr. steals 2nd base 1-0: Ball 2-0: Sac Bunt to 3S - play at first, batter OUT! 3-1 Ruben Velasco Jr. to third
|
|
Batting: LHB Ryan Dyal
|
0-0: Intentional Walk
|
|
Batting: RHB Guillermo Mojica
|
0-0: Fielders Choice at 2nd, 6-4 (Groundball, 6, EV 86.2 MPH) Ruben Velasco Jr. scores
|
|
Batting: LHB Josh Pittman
|
0-0: Ball 1-0: Ball 2-0: Called Strike 2-1: Ball 3-1: Base on Balls Guillermo Mojica to second
|
|
Batting: LHB Matt Hyde
|
0-0: Ball 1-0: Ground out U3 (Groundball, 34, EV 89.4 MPH)
|
| Top of the 8th over - 1 run, 0 hits, 0 errors, 2 left on base; Kannapolis 4 - Charleston 1 |
| BOTTOM OF THE 8TH |
|
Charleston RiverDogs batting - Pitching for Kannapolis Intimidators : RHP Larry Cassano
|
|
Batting: RHB Ben Jennings
|
0-0: Called Strike 0-1: Swinging Strike 0-2: Ball 1-2: Strikes out swinging
|
|
Batting: RHB Iften Olujimi
|
0-0: Ball 1-0: Ball 2-0: Called Strike 2-1: Ground out 6-3 (Groundball, 6, EV 93.8 MPH)
|
|
Batting: RHB Alfredo Rodriguez
|
0-0: Called Strike 0-1: Foul Ball, location: 2F 0-2: Ball 1-2: SINGLE (Groundball, 56D, EV 103.8 MPH)
|
|
Batting: RHB Bill Nguyen-Tan
|
0-0: Called Strike 0-1: Ball Wild Pitch! Alfredo Rodriguez to second 1-1: Ball 2-1: DOUBLE (Line Drive, 89D, EV 115.0 MPH) Alfredo Rodriguez scores
|
|
Batting: LHB Jeremiah Walker
|
0-0: Called Strike 0-1: Foul Ball, location: 2F 0-2: Strikes out swinging
|
| Bottom of the 8th over - 1 run, 2 hits, 0 errors, 1 left on base; Kannapolis 4 - Charleston 2 |
| TOP OF THE 9TH |
|
Kannapolis Intimidators batting - Pitching for Charleston RiverDogs : RHP Mark Stafford
|
|
Batting: SHB Matt Childers
|
0-0: Swinging Strike 0-1: Foul Ball, location: 2F 0-2: Ball 1-2: Ball 2-2: Ball 3-2: Strikes out swinging
|
|
Batting: LHB Preston Knaak
|
0-0: Ball 1-0: Foul Ball, location: 2F 1-1: Swinging Strike 1-2: Foul Ball, location: 2F 1-2: Ball 2-2: Foul Ball, location: 2F 2-2: Strikes out swinging
|
|
Batting: SHB Josh Conner
|
0-0: Ball 1-0: Ball 2-0: Ball 3-0: Called Strike 3-1: SINGLE (Line Drive, 6MD, EV 96.9 MPH)
|
|
Batting: SHB Ruben Velasco Jr.
|
0-0: Ball 1-0: Called Strike 1-1: Foul Ball, location: 2F 1-2: Foul Ball, location: 2F 1-2: Ball 2-2: Fly out, F7 (Flyball, 78D, EV 98.1 MPH)
|
| Top of the 9th over - 0 runs, 1 hit, 0 errors, 1 left on base; Kannapolis 4 - Charleston 2 |
| BOTTOM OF THE 9TH |
|
Charleston RiverDogs batting - Pitching for Kannapolis Intimidators : RHP Larry Cassano
|
|
Pitching: LHP Jonas Jennings
|
|
|
Batting: RHB John Sprenkel
|
0-0: Ball 1-0: Ball 2-0: Swinging Strike 2-1: Foul Ball, location: 2F 2-2: Ball 3-2: Foul Ball, location: 2F 3-2: Base on Balls
|
|
Batting: RHB Bryan Massey
|
0-0: Called Strike 0-1: Ball 1-1: Foul Ball, location: 2F 1-2: Foul Ball, location: 2F 1-2: Strikes out swinging
|
|
Pinch Hitting: RHB Francisco Aguayo
|
0-0: Ball 1-0: Ball 2-0: Ball 3-0: Base on Balls John Sprenkel to second
|
|
Pinch Hitting: RHB Graham Murphy
|
0-0: Ball 1-0: Called Strike 1-1: Foul Ball, location: 2F 1-2: Fielders Choice at 2nd, 4-6 (Groundball, 4, EV 83.8 MPH) John Sprenkel to third
|
|
Batting: RHB Ben Jennings
|
0-0: Called Strike 0-1: Ball 1-1: Ball 2-1: Ball 3-1: Base on Balls Graham Murphy to second
|
|
Batting: RHB Iften Olujimi
|
0-0: Fly out, F6 (Line Drive, 6MD, EV 68.1 MPH)
|
| Bottom of the 9th over - 0 runs, 0 hits, 0 errors, 3 left on base; Kannapolis 4 - Charleston 2 |
|